Map: New Repugnancy LE

Players

Serral - Winner!

  • Race: Zerg Zerg
  • League: Master
  • Spawn Location: 1:00

Lambo

  • Race: Zerg Zerg
  • League: Master
  • Spawn Location: 7:00

Event: 2019 WCS Winter Europe

VOD

Have the link to the VOD?

Description

Time

  • Played on: March 24, 2019, 10:03 a.m.
  • Length: 11:30

All games in this series

Show
View Real Time Build Order
Export as new Build Order

Serral Zerg - Winner!

Build Orders: Hatch First, Lurkers, Roach Hydra 

Get SALT Encoding   

  12  0:00  Drone  
  13  0:12  Overlord  
  13  0:17  Drone  
  14  0:30  Drone x2  
  16  0:48  Hatchery  
  15  0:52  Drone  
  15  0:55  Drone  
  17  0:58  Drone  
  18  1:09  Extractor  
  17  1:14  Spawning Pool  
  17  1:17  Drone  
  17  1:20  Drone  
  18  1:28  Drone  
  19  1:38  Drone  
  20  1:50  Drone  
  21  1:59  Overlord  
  21  2:01  Queen x2  
  23  2:02  Zergling x2  
  26  2:09  Metabolic Boost  
  26  2:12  Drone x2  
  28  2:21  Drone  
  28  2:22  Drone  
  30  2:35  Hatchery  
  29  2:38  Drone  
  29  2:40  Drone  
  31  2:46  Baneling Nest  
  31  2:49  Drone  
  31  2:52  Overlord  
  31  2:57  Drone x2  
  33  3:04  Drone  
  33  3:05  Zergling x2  
  34  3:09  Zergling x2  
  34  3:12  Zergling x8  
  39  3:17  Zergling x2  
  40  3:22  Overlord  
  40  3:26  Drone  
  41  3:28  Queen, Drone  
  41  3:30  Baneling x2  
  44  3:41  Drone  
  44  3:42  Drone x2  
  44  3:43  Evolution Chamber, Drone x2  
  44  3:45  Drone  
  44  3:47  Zergling x2  
  50  3:49  Zergling x2  
  50  3:52  Drone  
  50  3:55  Drone x2  
  54  3:59  Overlord  
  54  4:01  Drone  
  55  4:03  Drone  
  55  4:04  Baneling  
  55  4:05  Baneling  
  56  4:10  Drone x2  
  56  4:12  Zerg Missile Weapons Level 1  
  56  4:17  Overlord  
  58  4:18  Zergling x4  
  60  4:27  Roach Warren  
  60  4:29  Extractor, Drone x3  
  60  4:30  Extractor, Drone  
  61  4:32  Drone  
  61  4:33  Drone  
  61  4:34  Drone  
  61  4:36  Drone  
  64  4:42  Lair  
  64  4:45  Drone  
  65  4:51  Zergling x4  
  65  4:52  Drone x4  
  70  4:54  Drone x2  
  70  4:59  Overlord  
  72  5:03  Overlord  
  72  5:05  Drone  
  73  5:08  Drone  
  73  5:10  Baneling x2  
  73  5:16  Extractor x2, Pneumatized Carapace  
  73  5:18  Drone x5  
  73  5:19  Extractor, Drone x3  
  78  5:24  Drone  
  78  5:28  Drone  
  80  5:33  Roach  
  82  5:40  Roach x3  
  82  5:41  Drone x2  
  89  5:45  Glial Reconstitution  
  89  5:49  Overlord x3  
  89  5:50  Overlord  
  89  5:54  Overseer  
  89  5:57  Hatchery  
  89  5:59  Drone x2  
  89  6:00  Evolution Chamber  
  89  6:05  Overlord x3  
  89  6:10  Roach x4  
  97  6:12  Zerg Missile Weapons Level 2  
  97  6:16  Overlord  
  97  6:20  Roach  
  97  6:21  Roach x2  
  103  6:26  Overlord x2  
  103  6:29  Zerg Ground Armor Level 1  
  103  6:31  Drone  
  104  6:33  Hydralisk Den  
  104  6:35  Roach x2  
  107  6:41  Roach  
  107  6:42  Roach x3  
  115  6:52  Overlord  
  115  6:54  Drone x2  
  115  6:55  Drone x2  
  118  7:08  Hydralisk  
  118  7:09  Hydralisk x6  
  118  7:12  Grooved Spines  
  118  7:14  Spore Crawler  
  118  7:15  Spore Crawler, Lurker Den  
  129  7:23  Spore Crawler, Drone  
  129  7:26  Roach x5  
  139  7:30  Overseer  
  139  7:34  Drone  
  139  7:36  Roach  
  139  7:37  Roach x6  
  151  7:52  Spore Crawler, Drone x3  
  151  7:53  Hydralisk x2  
  151  7:57  Overlord x2  
  157  7:59  Roach x4  
  157  8:02  Extractor  
  157  8:03  Roach x3  
  169  8:09  Hydralisk x2  
  173  8:21  Roach x7  
  173  8:23  Muscular Augments  
  185  8:33  Roach  
  185  8:34  Roach x3  
  179  8:43  Roach x8  
  177  8:59  Lurker x5  
  181  9:05  Overlord x2  
  181  9:06  Hydralisk x3  
  181  9:07  Overlord x2  
  181  9:08  Overlord  
  186  9:13  Hydralisk  
  186  9:14  Hydralisk x2  
  189  9:27  Infestation Pit  
  187  9:31  Hydralisk x4  
  187  9:32  Hydralisk  
  187  9:37  Drone  
  196  9:56  Roach x5  
  195  10:03  Roach x4  
  199  10:10  Roach x10  
  194  10:21  Hydralisk x4  
  186  10:30  Roach  
  186  10:31  Roach x5  
  188  10:38  Roach x4  
  184  10:43  Roach x4  
  192  10:52  Roach x3  
  198  11:00  Hydralisk x2  
Show
View Real Time Build Order
Export as new Build Order

Lambo Zerg 

Build Orders: Hatch First 

Get SALT Encoding   

  12  0:01  Drone  
  13  0:13  Overlord  
  13  0:18  Drone  
  14  0:31  Drone x2  
  16  0:48  Hatchery  
  15  0:52  Drone  
  15  0:55  Drone  
  17  0:59  Drone  
  18  1:09  Extractor  
  17  1:14  Spawning Pool  
  17  1:18  Drone  
  17  1:21  Drone  
  18  1:29  Drone  
  19  1:39  Drone  
  20  1:52  Drone  
  21  2:00  Queen  
  23  2:01  Queen  
  23  2:02  Drone  
  23  2:03  Overlord  
  26  2:10  Metabolic Boost  
  26  2:11  Drone  
  26  2:13  Drone  
  30  2:22  Drone x2  
  30  2:35  Hatchery  
  29  2:37  Zergling x2  
  29  2:40  Zergling x2  
  32  2:44  Drone x2  
  32  2:48  Baneling Nest  
  32  2:54  Overlord  
  32  3:02  Drone  
  33  3:06  Drone x2  
  33  3:12  Drone  
  36  3:13  Drone x2  
  36  3:14  Drone  
  36  3:18  Zergling x4  
  41  3:21  Overlord  
  41  3:25  Zergling x2  
  42  3:32  Evolution Chamber  
  42  3:33  Baneling x2  
  41  3:34  Drone  
  41  3:36  Drone  
  41  3:39  Queen  
  41  3:40  Baneling x2  
  45  3:45  Zergling x8  
  49  3:50  Zergling x6  
  49  3:54  Overlord  
  52  4:01  Overlord  
  52  4:03  Drone x2  
  52  4:04  Extractor x2  
  53  4:10  Drone x2  
  53  4:12  Overlord  
  53  4:13  Drone x2  
  53  4:14  Drone  
  57  4:17  Drone  
  57  4:19  Drone x2  
  59  4:25  Drone  
  59  4:26  Drone  
  59  4:28  Drone x2  
  63  4:34  Zerg Missile Weapons Level 1  
  63  4:39  Drone x2  
  63  4:43  Drone x2  
  67  4:47  Lair, Roach Warren  
  67  4:50  Zergling x2  
  67  4:51  Zergling x2  
  61  4:53  Zergling x2  
  61  4:54  Zergling x2  
  61  4:58  Overlord  
  63  5:00  Drone x2  
  65  5:10  Drone x4  
  65  5:11  Drone x2  
  71  5:16  Overlord  
  71  5:21  Overlord  
  71  5:26  Extractor  
  71  5:27  Roach x3  
  76  5:29  Roach x3  
  82  5:42  Drone x6  
  87  5:43  Extractor  
  87  5:45  Extractor  
  87  5:48  Drone x2  
  87  5:49  Drone  
  88  5:50  Glial Reconstitution  
  88  5:51  Spire  
  88  5:52  Drone x2  
  88  5:56  Drone x2  
  92  5:57  Drone x2  
  92  6:08  Overseer  
  92  6:11  Hatchery  
  92  6:12  Roach x4  
  92  6:15  Overlord  
  92  6:16  Roach  
  92  6:18  Overlord  
  101  6:21  Evolution Chamber  
  101  6:22  Overlord  
  100  6:29  Roach x2  
  100  6:32  Overlord, Zerg Missile Weapons Level 2  
  104  6:33  Overlord  
  104  6:37  Overlord  
  104  6:43  Roach x4  
  104  6:44  Overlord  
  112  6:49  Roach x2  
  112  6:53  Overlord  
  116  6:55  Zerg Ground Armor Level 1  
  116  7:00  Drone x3  
  119  7:11  Mutalisk x6  
  119  7:15  Mutalisk  
  133  7:18  Drone x2  
  133  7:20  Mutalisk  
  137  7:29  Mutalisk  
  139  7:39  Roach x9  
  153  7:47  Overlord  
  153  7:50  Roach  
  153  7:51  Roach x6  
  165  7:56  Queen  
  165  7:57  Overseer  
  167  7:59  Overlord  
  167  8:04  Roach x3  
  173  8:05  Overlord  
  173  8:08  Roach x3  
  173  8:11  Overlord, Extractor  
  178  8:14  Roach x2  
  178  8:16  Overlord  
  178  8:18  Overlord  
  184  8:20  Ravager x3  
  185  8:30  Roach x6  
  197  8:35  Roach  
  197  8:39  Roach x5  
  195  8:45  Roach x3  
  185  8:50  Pneumatized Carapace  
  185  8:53  Roach  
  185  8:54  Roach x2  
  191  9:01  Roach x4  
  199  9:16  Overseer  
  199  9:38  Infestation Pit, Spine Crawler  
  199  9:39  Extractor  
  199  9:42  Ravager  
  199  9:43  Ravager  
  194  9:56  Roach x4  
  194  9:57  Overseer  
  198  10:00  Overseer  
  198  10:02  Roach  
  198  10:11  Roach x23  
  197  10:18  Mutalisk x3  
  197  10:19  Roach Warren  
  191  10:27  Overlord  
  167  10:35  Overseer  
  159  10:37  Mutalisk x3  
  134  11:05  Roach  
  134  11:06  Roach x9  
Tags
 
Add a new tag
Caveats
  • Supply blocks, unpowered buildings, or Contaminate may cause inaccurate times.
  • Supply counts are checked every 10 seconds.